[Event "Titled Tuesday Blitz November 01 Late 2022"]
[White "Kujawski, Adam"]
[Black "Simonovic, Miroslav"]
[WhiteFideId "1100920"]
[BlackFideId "919152"]
[WhiteElo "2091"]
[BlackElo "2043"]
[Result "0-1"]
[Round "07"]
[TimeControl "180+1"]
[Date "2022.11.02"]
[WhiteClock "0:00:05"]
[BlackClock "0:00:08"]

1. e4 c5 2. Nf3 Nc6 3. Nc3 e5 4. Bc4 g6 5. d3 h6 6. Nd2 Bg7 7. Nf1 Nge7 8. a4 d6 9. g4 Be6 10. Ne3 Qd7 11. Ncd5 f5 12. gxf5 gxf5 13. Qh5+ Kd8 14. exf5 Bxd5 15. Bxd5 Nxd5 16. Nxd5 Nd4 17. f6 Bf8 18. Kd1 Qe6 19. c4 Kd7 20. Be3 Re8 21. f7 Re7 22. Nxe7 Bxe7 23. Bxd4 cxd4 24. Rg1 Rf8 25. Qg4 Rxf7 26. Qxe6+ Kxe6 27. Ke2 Bg5 28. Rg4 a5 29. h4 Bf4 30. Rag1 b6 31. Rg6+ Kd7 32. R1g2 Kc6 33. b3 Kc5 34. Kf3 Rd7 35. Ke4 Kb4 36. Kd5 Kxb3 37. Rxd6 Rxd6+ 38. Kxd6 Kxa4 39. Kc6 Kb4 40. Kxb6 a4 41. c5 a3 42. Rg1 a2 43. c6 Kb3 44. c7 e4 45. c8=Q Kb2 46. Qa8 a1=Q 47. Rxa1 Kb3 48. Qa3+ Kc2 49. Qc1+ Bxc1 50. Ra3 Bxa3 0-1


[Site "https://www.chess.com"]

[Event "Titled Tuesday Blitz November 01 Late 2022"]
[White "Ladan, Nicholas"]
[Black "Annaberdiyev, Babageldi"]
[WhiteFideId "30918855"]
[BlackFideId "14000385"]
[WhiteElo "2526"]
[BlackElo "2672"]
[Result "1-0"]
[Round "07"]
[TimeControl "180+1"]
[Date "2022.11.02"]
[WhiteClock "0:00:43"]
[BlackClock "0:00:49"]

1. d4 Nf6 2. Nc3 d5 3. Bf4 a6 4. Nf3 e6 5. e3 Bd6 6. Ne5 O-O 7. Bd3 c5 8. dxc5 Bxc5 9. g4 Nc6 10. g5 Nxe5 11. Bxe5 Nd7 12. Bxh7+ Kxh7 13. Qh5+ Kg8 14. Bxg7 Kxg7 15. Qh6+ Kg8 16. g6 Qh4 17. Qxh4 fxg6 18. Rg1 Rf6 19. O-O-O Be7 20. Qh6 Nf8 21. f4 Bd7 22. h4 Rf7 23. f5 Rh7 24. Rxg6+ Nxg6 25. Qxg6+ Rg7 26. Qh5 exf5 27. Nxd5 Rf8 28. Nxe7+ Rxe7 29. Rg1+ Rg7 30. Rxg7+ Kxg7 31. Qg5+ Kf7 32. h5 Rg8 33. Qf4 Be6 34. Qc7+ Kf6 35. Qxb7 Rh8 36. Qh1 Rh6 37. Qh4+ Kg7 38. Qg5+ Kh7 39. b3 Bf7 40. Qxf5+ Kg7 41. Qg4+ Kh7 42. Qe4+ Kg7 43. Qd4+ Kh7 44. c4 Rxh5 45. c5 Be6 46. Qe4+ Bf5 47. Qe7+ Kg6 48. c6 1-0


[Site "https://www.chess.com"]

[Event "Titled Tuesday Blitz November 01 Late 2022"]
[White "Lehtosaari, Mauri"]
[Black "Brown, Andrew"]
[WhiteFideId "501999"]
[BlackFideId "3206513"]
[WhiteElo "2508"]
[BlackElo "2245"]
[Result "0-1"]
[Round "07"]
[TimeControl "180+1"]
[Date "2022.11.02"]
[WhiteClock "0:00:04"]
[BlackClock "0:00:08"]

1. d4 g6 2. Nf3 Bg7 3. Bg5 d5 4. Nbd2 h5 5. h3 Nh6 6. c3 Nf5 7. e4 dxe4 8. Nxe4 Be6 9. Qa4+ c6 10. Nc5 Bd5 11. Nxb7 Bxf3 12. gxf3 Qb6 13. Qb3 Bxd4 14. cxd4 Nxd4 15. Qxb6 axb6 16. O-O-O c5 17. Be3 Nbc6 18. Kb1 Ra7 19. Nxc5 bxc5 20. Bc4 O-O 21. f4 Rb8 22. Rd2 e6 23. Rhd1 Ra4 24. Bd3 Rba8 25. b3 Rb4 26. Bc4 Rab8 27. Rc1 Kg7 28. Ka1 Kf6 29. Bf1 Rxb3 30. Bxd4+ Nxd4 31. Rxd4 cxd4 32. axb3 Rxb3 33. Be2 Kf5 0-1


[Site "https://www.chess.com"]

[Event "Titled Tuesday Blitz November 01 Late 2022"]
[White "Leitao, Rafael"]
[Black "Seo, Jung Min"]
[WhiteFideId "2101246"]
[BlackFideId "1734687"]
[WhiteElo "2705"]
[BlackElo "2767"]
[Result "0-1"]
[Round "07"]
[TimeControl "180+1"]
[Date "2022.11.02"]
[WhiteClock "0:00:10"]
[BlackClock "0:00:42"]

1. c4 e5 2. Nc3 Nc6 3. Nf3 Nf6 4. e4 h6 5. d4 exd4 6. Nxd4 Bb4 7. Nxc6 bxc6 8. Bd3 O-O 9. O-O d6 10. Bd2 a5 11. Re1 Re8 12. h3 Nd7 13. f4 Qh4 14. Qf3 Bc5+ 15. Kh2 Nf6 16. f5 Qf2 17. Re2 Qxf3 18. gxf3 Bd4 19. Rg2 Kf8 20. Re1 d5 21. cxd5 cxd5 22. Nb5 dxe4 23. fxe4 Be5+ 24. Kh1 Ba6 25. Bxa5 c6 26. Reg1 Nh5 27. Bb4+ Kg8 28. f6 Bxb5 29. Rxg7+ Nxg7 30. Rxg7+ Kh8 0-1


[Site "https://www.chess.com"]

[Event "Titled Tuesday Blitz November 01 Late 2022"]
[White "Makarian, Rudik"]
[Black "Kollars, Dmitrij"]
[WhiteFideId "44105681"]
[BlackFideId "12909572"]
[WhiteElo "2405"]
[BlackElo "2584"]
[Result "0-1"]
[Round "07"]
[TimeControl "180+1"]
[Date "2022.11.01"]
[WhiteClock "0:00:11"]
[BlackClock "0:01:25"]

1. d3 d5 2. f4 c5 3. Nf3 Nc6 4. g3 h5 5. Nc3 h4 6. Nxh4 e5 7. Bg2 d4 8. Ne4 Rxh4 9. gxh4 Qxh4+ 10. Kf1 f5 11. Nf2 exf4 12. Qe1 Bd6 13. Nh3 Qh6 14. Rg1 Nf6 15. Qd2 Ng4 16. Bxc6+ bxc6 17. Rxg4 fxg4 18. Nxf4 Qxh2 19. e4 Qh1+ 20. Kf2 g3+ 21. Kxg3 g5 22. Qf2 Qh3# 0-1


[Site "https://www.chess.com"]

[Event "Titled Tuesday Blitz November 01 Late 2022"]
[White "Maksimovic, Bojan"]
[Black "Aggelis, Nikolaos"]
[WhiteFideId "14408120"]
[BlackFideId "4213220"]
[WhiteElo "2859"]
[BlackElo "2563"]
[Result "1-0"]
[Round "07"]
[TimeControl "180+1"]
[Date "2022.11.02"]
[WhiteClock "0:00:27"]
[BlackClock "0:00:42"]

1. e4 c6 2. d3 g6 3. Nf3 Bg7 4. d4 d5 5. e5 h5 6. Bd3 Nh6 7. c3 Bf5 8. Bxh6 Bxh6 9. Bxf5 gxf5 10. e6 f6 11. Nh4 Qd6 12. Qe2 Qf4 13. Ng6 Qc1+ 14. Qd1 Qxb2 15. Nxh8 Qxa1 16. Qxh5+ Kd8 17. O-O Bf4 18. Nf7+ Kc7 19. Qxf5 Bd6 20. Re1 Ba3 21. Qf4+ Kb6 22. h4 Qxa2 23. Nxa3 Qxa3 24. Rb1+ Ka6 25. Qc7 b6 26. h5 Qa2 27. Rf1 Qe2 28. Ra1+ Kb5 29. Qxe7 Qxh5 30. Qb4# 1-0


[Site "https://www.chess.com"]

[Event "Titled Tuesday Blitz November 01 Late 2022"]
[White "Malka, Samuel"]
[Black "Kobla, Vishal"]
[WhiteFideId "20643675"]
[BlackFideId "2078457"]
[WhiteElo "2451"]
[BlackElo "1972"]
[Result "1-0"]
[Round "07"]
[TimeControl "180+1"]
[Date "2022.11.02"]
[WhiteClock "0:00:10"]
[BlackClock "0:00:04"]

1. Nf3 Nf6 2. c4 g6 3. Nc3 Bg7 4. d4 O-O 5. e4 d6 6. Be2 e5 7. O-O Nc6 8. d5 Ne7 9. Ne1 Ne8 10. f3 f5 11. Be3 f4 12. Bf2 g5 13. a4 a5 14. c5 h5 15. cxd6 cxd6 16. Nb5 Ng6 17. Na7 Bd7 18. Qb3 g4 19. Qxb7 Rf7 20. Nc6 Bxc6 21. Qxc6 Rc8 22. Qb6 Qg5 23. Kh1 Nh4 24. Bxh4 Qxh4 25. Qxa5 Bf6 26. Qd2 Rg7 27. Nd3 Bd8 28. Rfc1 Rb8 29. b4 Nf6 30. a5 Nh7 31. Qe1 g3 32. h3 Ng5 33. Bf1 Rbb7 34. Qe2 Rg6 35. Ne1 Rbg7 36. Rc8 Nxh3 37. gxh3 g2+ 38. Bxg2 Rxg2 39. Nxg2 Qxh3+ 40. Kg1 Qxc8 41. Kf2 h4 42. Rh1 h3 43. Ne1 Rg3 44. Rg1 Bh4 45. Rxg3+ fxg3+ 46. Kg1 g2 47. f4 Qf5 48. fxe5 Qg5 49. Nf3 Qc1+ 50. Kh2 Bg5 51. Kxh3 g1=Q 52. Nxg1 Qxg1 53. exd6 Qh1+ 54. Kg4 Qg1+ 55. Kf5 Bd8 56. Qg4+ Qxg4+ 57. Kxg4 Kf7 58. e5 Kg6 59. Kf4 Kf7 60. Ke4 Ke8 61. Kd4 Kd7 62. Kc5 Bh4 63. e6+ Kc8 64. Kc6 Bg3 65. b5 Bf4 66. a6 Be3 67. b6 Bd4 68. a7 1-0


[Site "https://www.chess.com"]

[Event "Titled Tuesday Blitz November 01 Late 2022"]
[White "Martinez Molina, Carlos Alberto"]
[Black "Freile Martin, Javier"]
[WhiteFideId "5122708"]
[BlackFideId "3600165"]
[WhiteElo "2212"]
[BlackElo "2330"]
[Result "0-1"]
[Round "07"]
[TimeControl "180+1"]
[Date "2022.11.02"]
[WhiteClock "0:00:01"]
[BlackClock "0:00:35"]

1. d4 Nf6 2. c4 g6 3. Nc3 Bg7 4. e4 d6 5. Nf3 O-O 6. Be2 e5 7. d5 a5 8. Bg5 Qe8 9. Nd2 Nfd7 10. O-O f6 11. Be3 f5 12. f3 Na6 13. a3 f4 14. Bf2 g5 15. b4 Rf6 16. c5 Rh6 17. g4 dxc5 18. bxc5 Ndxc5 19. Nc4 Rh3 20. Kg2 Bxg4 21. fxg4 Rxc3 22. d6 c6 23. Nxa5 Qg6 24. d7 Qxe4+ 25. Kg1 Rd8 26. Bxa6 Rxd7 27. Qb1 Qxb1 28. Raxb1 bxa6 29. Rb8+ Kf7 30. Nxc6 e4 31. Nd8+ Rxd8 32. Rxd8 e3 33. Be1 Rc2 34. Rc8 Bd4 35. Kh1 Ke6 36. Bb4 Kd5 37. Rd8+ Ke4 38. Re8+ Kd3 39. Rd1+ Kc4 40. Re4 Nd3 0-1


[Site "https://www.chess.com"]

[Event "Titled Tuesday Blitz November 01 Late 2022"]
[White "Matinian, Nikita"]
[Black "Besedes, Danilo"]
[WhiteFideId "24129100"]
[BlackFideId "946796"]
[WhiteElo "2727"]
[BlackElo "2581"]
[Result "0-1"]
[Round "07"]
[TimeControl "180+1"]
[Date "2022.11.02"]
[WhiteClock "0:00:02"]
[BlackClock "0:00:14"]

1. e4 d6 2. d4 e5 3. Nf3 exd4 4. Nxd4 Nf6 5. Nc3 Be7 6. Bf4 O-O 7. Qd2 Nc6 8. Nxc6 bxc6 9. Bc4 Be6 10. Bxe6 fxe6 11. O-O-O e5 12. Bg5 Rb8 13. f3 a5 14. Bxf6 Bxf6 15. Qd3 Qc8 16. Qc4+ Kh8 17. Qxc6 Rb6 18. Qc4 Rb4 19. Qd3 Qb8 20. b3 a4 21. Nd5 Bg5+ 22. Kb1 Rb7 23. h4 Bd8 24. h5 Bg5 25. h6 Bxh6 26. Ne7 Qe8 27. Nf5 Bg5 28. g3 g6 29. Nh4 Qf7 30. f4 exf4 31. gxf4 axb3 32. axb3 Bxf4 33. Rdf1 g5 34. Qd4+ Kg8 35. Nf5 Rxb3+ 36. cxb3 Qxb3+ 37. Qb2 Qd3+ 38. Ka1 Ra8+ 39. Qa2+ Rxa2+ 40. Kxa2 Qc2+ 41. Ka3 Qc3+ 42. Ka4 Qc4+ 43. Ka3 Qd3+ 44. Ka2 Qxe4 45. Nh6+ Kf8 46. Re1 Qa4+ 47. Kb2 Be5+ 48. Kc1 Qa1+ 49. Kc2 Qc3+ 50. Kd1 Qd3+ 51. Kc1 Bf4+ 52. Kb2 c5 53. Ng4 c4 54. Nf6 Qb3+ 0-1


[Site "https://www.chess.com"]

[Event "Titled Tuesday Blitz November 01 Late 2022"]
[White "McConnell, Griffin"]
[Black "Dahlgren, James Allen"]
[WhiteFideId "30942551"]
[BlackFideId "22256873"]
[WhiteElo "2327"]
[BlackElo "2211"]
[Result "1-0"]
[Round "07"]
[TimeControl "180+1"]
[Date "2022.11.02"]
[WhiteClock "0:00:16"]
[BlackClock "0:00:06"]

1. e4 e6 2. Nf3 c5 3. e5 d5 4. exd6 Bxd6 5. b3 Nf6 6. Bb2 O-O 7. Be2 Nc6 8. O-O b6 9. d3 Bb7 10. Nbd2 Qc7 11. h3 Nd5 12. Ne4 Be7 13. g3 f5 14. Neg5 Qd7 15. c4 Nf6 16. h4 h6 17. Nh3 Rad8 18. Qc1 Ng4 19. Nf4 Nd4 20. Nxd4 cxd4 21. Bxg4 fxg4 22. Kh2 Qc6 23. Rg1 g5 24. Qd2 gxf4 25. gxf4 Rxf4 26. Qxf4 Bd6 27. Rxg4+ Kh7 28. Rag1 Bxf4+ 29. Rxf4 Qc7 30. Bc1 Rf8 31. Kg3 Rg8+ 32. Kh2 Rf8 33. Kg3 Rxf4 34. Bxf4 Qc6 35. Kh2 Qf3 36. Bg3 e5 37. b4 Qxd3 38. Bxe5 Qf3 39. Rg7+ Kh8 40. Rf7+ Kg8 41. Rxf3 Bxf3 42. Bxd4 Be2 43. c5 bxc5 44. Bxc5 Bf3 45. Kg3 Bd5 46. a3 Kf7 47. Kf4 Bc6 48. Ke5 a6 49. f4 Ba4 50. f5 Bb5 51. h5 Bf1 52. Be3 Kg7 53. Ke6 Bh3 54. a4 Bg4 55. b5 axb5 56. axb5 Bxh5 57. Ke7 Bf3 58. f6+ Kg6 59. f7 1-0


[Site "https://www.chess.com"]

[Event "Titled Tuesday Blitz November 01 Late 2022"]
[White "Melikhov, Evgeny V."]
[Black "Luxama, Jacques Muller"]
[WhiteFideId "4122046"]
[BlackFideId "11900113"]
[WhiteElo "2169"]
[BlackElo "1931"]
[Result "0-1"]
[Round "07"]
[TimeControl "180+1"]
[Date "2022.11.02"]
[WhiteClock "0:00:03"]
[BlackClock "0:00:34"]

1. d4 Nf6 2. c4 g6 3. Nc3 Bg7 4. e4 O-O 5. Be3 d6 6. f3 e5 7. d5 c6 8. Bd3 cxd5 9. cxd5 Na6 10. Nge2 Bd7 11. O-O Qa5 12. a3 Rfc8 13. b4 Qd8 14. Rc1 Nc7 15. a4 a6 16. a5 Qe8 17. Qb3 h5 18. Rc2 Nb5 19. Rfc1 Nxc3 20. Rxc3 Rxc3 21. Rxc3 Rc8 22. Rxc8 Qxc8 23. Qc2 Kh7 24. Qxc8 Bxc8 25. b5 Bh6 26. Kf2 Bxe3+ 27. Kxe3 Nd7 28. bxa6 bxa6 29. Nc3 Nc5 30. Bc2 Nb7 31. Ba4 Nxa5 32. Bc6 Kg7 33. Na4 Bb7 34. Bxb7 Nxb7 35. Kd3 Kf8 36. Kc4 Ke7 37. h4 Kd8 38. g4 Kc7 39. Nc3 Nc5 40. Ne2 Nd7 41. Ng3 Nf6 42. gxh5 Nxh5 43. Ne2 Nf4 44. Nc3 Ng2 45. Kb4 Nxh4 46. Ka5 Kb7 47. f4 exf4 48. e5 dxe5 49. d6 Kc6 50. Kxa6 Kxd6 51. Kb5 f5 52. Kc4 e4 53. Kd4 Nf3+ 54. Kc4 Ke5 55. Ne2 Ne1 56. Kc3 e3 57. Ng1 f3 0-1


[Site "https://www.chess.com"]

[Event "Titled Tuesday Blitz November 01 Late 2022"]
[White "Melkumyan, Hrant"]
[Black "Faizrakhmanov, Ramil"]
[WhiteFideId "13302485"]
[BlackFideId "24103209"]
[WhiteElo "2604"]
[BlackElo "2421"]
[Result "1-0"]
[Round "07"]
[TimeControl "180+1"]
[Date "2022.11.01"]
[WhiteClock "0:01:50"]
[BlackClock "0:00:03"]

1. d4 Nf6 2. c4 e6 3. Bf4 d5 4. e3 Bb4+ 5. Nd2 c5 6. dxc5 Bxc5 7. Ngf3 O-O 8. Rc1 Bb6 9. Bd3 Nc6 10. O-O dxc4 11. Nxc4 Bc7 12. Qe2 Bxf4 13. exf4 Nd4 14. Nxd4 Qxd4 15. g3 Qd8 16. Rfd1 Qe7 17. Ne5 Rd8 18. Rc2 Bd7 19. Rc7 Rab8 20. Bxh7+ Kxh7 21. Nxd7 Nxd7 22. Qd3+ g6 23. Rxd7 Rxd7 24. Qxd7 Qf6 25. Qd4 Qe7 26. Qd6 Re8 27. Qd7 b6 28. Kg2 Kg7 29. h4 a5 30. Qd4+ Qf6 31. Qxb6 Rc8 32. Qxa5 Qxb2 33. Qe5+ Qxe5 34. fxe5 Ra8 35. Ra1 Ra5 36. a4 Rxe5 37. a5 Rc5 38. a6 Rc8 39. a7 Ra8 40. g4 Kf6 41. f4 e5 42. fxe5+ Kxe5 43. Kf3 f5 44. Ra5+ Kf6 45. Ra6+ Ke5 46. g5 Kd5 47. Kf4 Kd4 48. Rxg6 1-0


[Site "https://www.chess.com"]

[Event "Titled Tuesday Blitz November 01 Late 2022"]
[White "Mendez Fortes, Eduardo Jesus"]
[Black "Kekic, Armin"]
[WhiteFideId "3502376"]
[BlackFideId "14401274"]
[WhiteElo "2307"]
[BlackElo "2132"]
[Result "1-0"]
[Round "07"]
[TimeControl "180+1"]
[Date "2022.11.02"]
[WhiteClock "0:00:37"]
[BlackClock "0:00:03"]

1. e4 c5 2. Nf3 e6 3. d4 cxd4 4. Nxd4 a6 5. c4 b6 6. Nc3 Bb7 7. Be3 d6 8. Be2 Nf6 9. f3 Nbd7 10. O-O Be7 11. Qd2 O-O 12. Rfc1 Rc8 13. a4 Qc7 14. a5 bxa5 15. Nb3 Nc5 16. Nxa5 Ba8 17. b4 Nb7 18. Nb3 d5 19. exd5 Bxb4 20. dxe6 fxe6 21. Rxa6 Nc5 22. Nxc5 Bxc5 23. Nb5 Qe5 24. Bxc5 Rxc5 25. Qd4 Rxb5 26. Qf2 Rb2 27. Re1 Rd8 28. Bf1 Rxf2 29. Rxe5 Rb2 30. Raxe6 Rd1 31. Re1 Rxe1 32. Rxe1 Kf7 33. Ra1 Bc6 34. h3 h5 35. h4 Ke6 36. Kh2 Rb4 37. Ra6 Kd7 38. Ra7+ Rb7 39. Ra5 Kd6 40. Rg5 Re7 41. c5+ Kd7 42. Bc4 Kc7 43. Kg3 Be8 44. Kf4 Kc6 45. Bb3 Kb5 46. Bc2 Bc6 47. Bd3+ Kb4 48. Rf5 Nd5+ 49. Kg5 Kxc5 50. Kxh5 Kd4 51. Be4 Nf6+ 52. Rxf6 Bxe4 53. Rf4 1-0


[Site "https://www.chess.com"]

[Event "Titled Tuesday Blitz November 01 Late 2022"]
[White "Mikhailuk, Slava"]
[Black "Zivkovic, Nemanja"]
[WhiteFideId "2012910"]
[BlackFideId "942154"]
[WhiteElo "2353"]
[BlackElo "2372"]
[Result "0-1"]
[Round "07"]
[TimeControl "180+1"]
[Date "2022.11.02"]
[WhiteClock "0:00:10"]
[BlackClock "0:00:04"]

1. c4 Nf6 2. Nc3 c5 3. g3 Nc6 4. Bg2 g6 5. Nf3 d6 6. O-O Bg7 7. d3 O-O 8. Bd2 Bg4 9. h3 Bd7 10. a3 a5 11. Rb1 Qc8 12. Kh2 Nd4 13. Nxd4 cxd4 14. Nd5 Nxd5 15. cxd5 Qc5 16. b4 axb4 17. Bxb4 Qa7 18. Rc1 Qb6 19. Qd2 Rfc8 20. Rxc8+ Rxc8 21. Rc1 Rxc1 22. Qxc1 h5 23. h4 Kh7 24. e4 dxe3 25. Qxe3 Qd8 26. Qa7 Qc8 27. Qe3 Bf6 28. Bd2 Qc2 29. Be4 Kg8 30. Kg2 Qa2 31. Bb4 Qb2 32. Bf3 Bf5 33. Qe2 Qb3 34. Be4 Bg4 35. f3 Bd7 36. g4 hxg4 37. fxg4 Bxh4 38. Kf3 Bf6 39. Qf1 Bd4 40. Qc1 Qa2 41. Bd2 Kg7 42. Bh6+ Kh7 43. Be3 Be5 44. Qh1+ Kg8 45. Qh6 Qb1 46. d4 Qd1+ 47. Kf2 Bxd4 48. Qf4 Qd2+ 49. Kf1 Bxe3 0-1


[Site "https://www.chess.com"]

[Event "Titled Tuesday Blitz November 01 Late 2022"]
[White "Miszler, Levente"]
[Black "Rose, Felix"]
[WhiteFideId "763276"]
[BlackFideId "5105722"]
[WhiteElo "2176"]
[BlackElo "2039"]
[Result "1-0"]
[Round "07"]
[TimeControl "180+1"]
[Date "2022.11.02"]
[WhiteClock "0:00:12"]
[BlackClock "0:00:07"]

1. d4 d5 2. Nf3 Nf6 3. c4 e6 4. Nc3 Be7 5. Bf4 O-O 6. e3 b6 7. h3 c5 8. cxd5 Nxd5 9. Nxd5 Qxd5 10. Be2 cxd4 11. Qxd4 Qa5+ 12. Kf1 Ba6 13. Ne5 Rd8 14. Qe4 Bxe2+ 15. Kxe2 Na6 16. Rhd1 Qb5+ 17. Kf3 Nc5 18. Qc2 f6 19. a4 Qa6 20. Nc4 e5 21. Bg3 e4+ 22. Kf4 g5+ 23. Kg4 Qc8+ 24. Kh5 Qf5 25. Bc7 g4+ 26. Kh4 Qg5+ 27. Kg3 gxh3+ 28. Kxh3 Qh5+ 29. Kg3 Rxd1 30. Qxd1 Qg5+ 31. Qg4 Qxg4+ 32. Kxg4 Ne6 33. Bg3 Rc8 34. b3 Kf7 35. Rd1 Kg6 36. Rd7 f5+ 37. Kh3 Ng5+ 38. Kh2 Bc5 39. Ne5+ Kh6 40. Bf4 Rg8 41. Nf7+ Kh5 42. Nxg5 Rxg5 43. Bxg5 Kxg5 44. Rxa7 h5 45. Rc7 f4 46. exf4+ Kxf4 47. a5 Bxf2 48. a6 e3 49. a7 e2 50. Rf7+ Ke3 51. Re7+ Kd2 52. a8=Q Be3 53. Qa2+ Kd1 54. Rxe3 e1=Q 55. Rxe1+ Kxe1 56. Qc2 b5 57. Kg3 b4 58. Kf3 h4 59. Qe2# 1-0


[Site "https://www.chess.com"]

[Event "Titled Tuesday Blitz November 01 Late 2022"]
[White "Mladenovic, Stefan"]
[Black "Becerra, Juan David"]
[WhiteFideId "942227"]
[BlackFideId "4404998"]
[WhiteElo "2337"]
[BlackElo "2278"]
[Result "1-0"]
[Round "07"]
[TimeControl "180+1"]
[Date "2022.11.02"]
[WhiteClock "0:02:43"]
[BlackClock "0:02:04"]

1. d4 Nf6 2. Nf3 d5 3. Bf4 c5 4. e3 Nc6 5. Nbd2 Bg4 6. c3 e6 7. Qb3 Qc8 8. h3 Bh5 9. Bd3 Be7 10. dxc5 Bxc5 11. O-O O-O 12. Rac1 Re8 13. Ne5 Nxe5 14. Bxe5 Nd7 15. Bg3 Bb6 16. e4 Nc5 17. Qc2 Nxd3 18. Qxd3 Bg6 19. Qe2 Qc7 20. Bxc7 1-0


[Site "https://www.chess.com"]

[Event "Titled Tuesday Blitz November 01 Late 2022"]
[White "Muhammad, Shahzeb"]
[Black "Clawitter, Craig"]
[WhiteFideId "7804806"]
[BlackFideId "2023105"]
[WhiteElo "2391"]
[BlackElo "2314"]
[Result "1-0"]
[Round "07"]
[TimeControl "180+1"]
[Date "2022.11.02"]
[WhiteClock "0:00:15"]
[BlackClock "0:00:08"]

1. e4 e6 2. d4 d5 3. Nd2 Be7 4. Ngf3 Nf6 5. e5 Nfd7 6. Bd3 c5 7. c3 Nc6 8. O-O a5 9. Qa4 cxd4 10. cxd4 Qb6 11. a3 g5 12. Bb5 g4 13. Ne1 Nxd4 14. Bd3 O-O 15. Nc2 Nxc2 16. Qxg4+ Kh8 17. Qh5 f5 18. Bxc2 Nxe5 19. b4 axb4 20. Bb2 Bf6 21. Kh1 bxa3 22. Bxa3 Rg8 23. Be7 Bxe7 24. Rxa8 Ng4 25. Kg1 Qc6 26. Bb1 b6 27. Ra7 Bb7 28. Nf3 d4 29. Qf7 Nf6 30. Qxe7 Rxg2+ 31. Kh1 Rg1+ 32. Kxg1 Qxf3 33. Qxf6+ Kg8 34. Qg5+ Kf7 35. Rxb7+ Qxb7 36. Bxf5 exf5 37. Qxf5+ Ke7 38. Qe5+ Kd7 39. Qxd4+ Kc7 40. Rc1+ Kb8 41. Qd6+ Ka7 42. Ra1+ 1-0


[Site "https://www.chess.com"]

[Event "Titled Tuesday Blitz November 01 Late 2022"]
[White "Ozdemir, Serhan Berat"]
[Black "Rangel, Daniel"]
[WhiteFideId "6374611"]
[BlackFideId "2124475"]
[WhiteElo "2016"]
[BlackElo "2225"]
[Result "0-1"]
[Round "07"]
[TimeControl "180+1"]
[Date "2022.11.02"]
[WhiteClock "0:00:05"]
[BlackClock "0:00:50"]

1. e4 c5 2. Nf3 g6 3. d4 cxd4 4. Qxd4 Nf6 5. e5 Nc6 6. Qa4 Nd5 7. Qb3 Nc7 8. Nc3 Bg7 9. Bf4 Ne6 10. Bg3 Ned4 11. Nxd4 Nxd4 12. Qa4 Nf5 13. Bf4 Qb6 14. O-O-O Qxf2 15. Bd3 Qxf4+ 16. Qxf4 Bh6 17. Qxh6 Nxh6 18. Nd5 O-O 19. Nxe7+ Kg7 20. Nd5 b6 21. Nf6 Bb7 22. h4 d6 23. Rhe1 dxe5 24. Nd7 Rfe8 25. Nxe5 Bxg2 26. Rd2 Bh3 27. Bb5 Red8 28. Rf2 Be6 29. Ba6 Ng4 30. Nxg4 Bxg4 31. Re7 Rd1# 0-1


[Site "https://www.chess.com"]

[Event "Titled Tuesday Blitz November 01 Late 2022"]
[White "Pace, Christopher"]
[Black "Karas, Marek"]
[WhiteFideId "2610167"]
[BlackFideId "14928558"]
[WhiteElo "2294"]
[BlackElo "2220"]
[Result "1-0"]
[Round "07"]
[TimeControl "180+1"]
[Date "2022.11.02"]
[WhiteClock "0:01:48"]
[BlackClock "0:00:06"]

1. b3 a6 2. Bb2 h6 3. Nf3 b6 4. g3 Nf6 5. Bg2 Bb7 6. O-O g6 7. d3 Bg7 8. e4 d6 9. Re1 e5 10. Nbd2 O-O 11. d4 exd4 12. Nxd4 Ra7 13. a4 Nbd7 14. a5 b5 15. N4f3 Qa8 16. h3 Re8 17. Nh2 Nc5 18. Bd4 Nfxe4 19. Bxg7 Kxg7 20. Nxe4 Bxe4 21. Qd4+ Kg8 22. Ng4 Re6 23. Bxe4 Nxe4 24. Rxe4 Qxe4 25. Qxe4 Rxe4 26. Nf6+ Kg7 27. Nxe4 Ra8 28. c4 bxc4 29. bxc4 Rb8 30. Ra4 f5 31. Nc3 c6 32. Na2 c5 33. Nc3 Rb2 34. Nd5 g5 35. Nc7 1-0


[Site "https://www.chess.com"]

[Event "Titled Tuesday Blitz November 01 Late 2022"]
[White "Pakleza, Zbigniew"]
[Black "Zakhartsov, Vladimir"]
[WhiteFideId "1119290"]
[BlackFideId "4145097"]
[WhiteElo "2411"]
[BlackElo "2492"]
[Result "1-0"]
[Round "07"]
[TimeControl "180+1"]
[Date "2022.11.01"]
[WhiteClock "0:01:47"]
[BlackClock "0:02:02"]

1. d4 Nf6 2. Nf3 c5 3. c3 e6 4. Bf4 d5 5. e3 Nc6 6. Nbd2 Bd6 7. Bg3 O-O 8. Bd3 Qe7 9. Ne5 Nd7 10. Nxd7 Bxd7 11. Bxd6 Qxd6 12. dxc5 Qxc5 13. Bxh7+ Kxh7 14. Qh5+ Kg8 15. Ne4 Qb5 16. Ng5 Rfd8 17. Qxf7+ Kh8 18. Qh5+ Kg8 19. Qf7+ Kh8 20. O-O-O Ne5 21. Qh5+ Kg8 22. Qh7+ Kf8 23. Qh8+ Ke7 24. Qxg7+ Kd6 25. Ne4+ Kc6 26. Qxe5 dxe4 27. Qd6# 1-0


[Site "https://www.chess.com"]

[Event "Titled Tuesday Blitz November 01 Late 2022"]
[White "Pap, Gyula"]
[Black "Bartel, Mateusz"]
[WhiteFideId "725323"]
[BlackFideId "1112635"]
[WhiteElo "2519"]
[BlackElo "2530"]
[Result "1-0"]
[Round "07"]
[TimeControl "180+1"]
[Date "2022.11.01"]
[WhiteClock "0:00:07"]
[BlackClock "0:00:10"]

1. d4 Nf6 2. c4 e6 3. Nc3 Bb4 4. Qb3 c5 5. dxc5 Nc6 6. a3 Bxc5 7. Nf3 O-O 8. Bg5 Be7 9. e3 b6 10. Be2 Bb7 11. O-O Rc8 12. Qa2 Ng4 13. Bf4 g5 14. Bg3 f5 15. Nd5 h6 16. Rad1 Rf7 17. Nxe7+ Nxe7 18. h3 Nf6 19. Ne5 Rg7 20. f3 Qe8 21. b4 h5 22. Qd2 h4 23. Nxd7 Nxd7 24. Qxd7 hxg3 25. Qxb7 Nd5 26. Qxc8 Qxc8 27. cxd5 exd5 28. Rxd5 Qe8 29. Bc4 Qxe3+ 30. Kh1 Kh7 31. Rxf5 Qxa3 32. Rf6 Qc3 33. Rc6 Qd4 34. Re1 Qd2 35. Rg1 Re7 36. b5 Re1 37. Bf1 Qe3 38. Bd3+ Kh8 39. Rc8+ Kg7 40. Rc7+ Kf6 41. Rc6+ Ke5 42. Bf1 Kd4 43. Rc4+ Kd5 44. Re4 Qxg1+ 45. Kxg1 Rxe4 46. fxe4+ Kxe4 47. Be2 Ke3 48. Kf1 Kd2 49. Bg4 Kc3 50. Ke1 Kc4 51. Be2+ Kd4 52. Bf1 Ke3 53. Bc4 Kd4 54. Bf1 Ke3 55. Be2 Ke4 56. Kd2 Kd4 57. Bf1 Ke4 58. Ke2 Kf4 59. Kd3 Ke5 60. Ke3 Kd5 61. Kf3 1-0


[Site "https://www.chess.com"]

[Event "Titled Tuesday Blitz November 01 Late 2022"]
[White "Paravyan, David"]
[Black "Bortnyk, Olexandr"]
[WhiteFideId "4194985"]
[BlackFideId "14120828"]
[WhiteElo "2555"]
[BlackElo "2723"]
[Result "0-1"]
[Round "07"]
[TimeControl "180+1"]
[Date "2022.11.01"]
[WhiteClock "0:00:23"]
[BlackClock "0:01:26"]

1. e4 d6 2. d4 Nf6 3. Nc3 e5 4. Nf3 Nbd7 5. Bc4 Be7 6. O-O c6 7. a4 h6 8. Re1 Qc7 9. Bf1 Nf8 10. b4 Ng6 11. b5 O-O 12. a5 Bg4 13. Be3 Nd7 14. bxc6 bxc6 15. d5 Nf6 16. a6 cxd5 17. Nxd5 Nxd5 18. Qxd5 Bxf3 19. gxf3 Bg5 20. Qb7 Rfc8 21. Bh3 Bxe3 22. Rxe3 Qd8 23. Bxc8 Rxc8 24. Qxa7 Nf4 25. Kh1 Rxc2 26. Rb3 Qg5 27. Rg1 Qxg1+ 28. Kxg1 Rc1# 0-1


[Site "https://www.chess.com"]

[Event "Titled Tuesday Blitz November 01 Late 2022"]
[White "Pavlidou, Ekaterini"]
[Black "Wessendorf, Thomas, Dr."]
[WhiteFideId "4213262"]
[BlackFideId "4604270"]
[WhiteElo "2125"]
[BlackElo "2280"]
[Result "1-0"]
[Round "07"]
[TimeControl "180+1"]
[Date "2022.11.02"]
[WhiteClock "0:01:34"]
[BlackClock "0:00:14"]

1. d4 Nf6 2. c4 e6 3. Nc3 Bb4 4. e3 c5 5. a3 Bxc3+ 6. bxc3 O-O 7. Bd3 b6 8. e4 d6 9. Ne2 e5 10. d5 Nbd7 11. h3 Re8 12. O-O Nf8 13. Bg5 h6 14. Be3 Ng6 15. Qd2 Bd7 16. a4 a5 17. f3 Rf8 18. g4 Nh7 19. f4 exf4 20. Nxf4 Ne5 21. Be2 Qh4 22. Kg2 Qe7 23. Nh5 Ng5 24. Qc2 Qe8 25. Bxg5 hxg5 26. Rf6 Ng6 27. Raf1 Qe5 28. R6f2 Rae8 29. Bd3 Nh4+ 30. Kh1 Re7 31. Qd2 Bxa4 32. Rf5 Nxf5 33. Rxf5 Qxf5 34. gxf5 f6 35. h4 gxh4 36. Qh2 b5 37. cxb5 c4 38. Bxc4 Rxe4 39. Qxd6 Rfe8 40. Qd7 Re1+ 41. Kh2 R8e7 42. d6+ Kh7 43. dxe7 1-0


[Site "https://www.chess.com"]